 Dungeon Crawl Stone Soup version bcrawl-1.35.4c (webtiles) character file.

Game seed: 8320226057924482805

435148 DogServant the Arsonist (level 14, 97/97 HPs)
             Began as a Fairy Fire Elementalist on Feb 19, 2022.
             Was a Believer of Sif Muna.
             Quit the game on level 6 of the Lair of Beasts.
             The game lasted 01:08:35 (17430 turns).

DogServant the Arsonist (Fairy Fire Elementalist)  Turns: 17430, Time: 01:08:36

Health: 97/97      AC: 13    Str: 17    XL:     14   Next: 9%
Magic:  28/28      EV: 26    Int: 20    God:    Sif Muna [**....]
Gold:   1232       SH:  7    Dex: 17    Spells: 9/29 levels left

rFire    + + +     SeeInvis .   M - +3 rapier of the Boiling Point {pierce, -Tele rF+ Str+7}
rCold    + . .     Gourm    .   (shield restricted)
rNeg     + . .     Faith    .   (armour unavailable)
rPois    .         Spirit   .   (no helmet)
rElec    +         Reflect  .   m - +1 cloak of Tender Moments {Regen+}
rCorr    .         NoTele   +   r - +1 pair of gloves
MR       +....                  u - +1 pair of boots "Cemuocup" {rElec rF+ rC+ Str+4}
Stlth    +.........             o - amulet of regeneration
HPRegen  1.50/turn              G - ring of positive energy
MPRegen  0.21/turn              O - ring "Rexob" {+Fly rF+}

@: flying evasively
A: small, magic attunement, unstealthy, unfitting armour, able to fly, AC/SH +7
a: Stop Flying, Divine Energy, Renounce Religion


You were on level 6 of the Lair of Beasts.
You worshipped Sif Muna.
Sif Muna was pleased with you.
You were not hungry.

You visited 3 branches of the dungeon, and saw 19 of its levels.
You also visited: Sewer.

You collected 1484 gold pieces.
You spent 252 gold pieces at shops.

Inventory:

Hand Weapons
 B - the +3 dagger "Tuer" {protect, rPois rF+ rN+}
   (You found it on level 6 of the Dungeon)

   It grants its wielder temporary protection when it strikes (+7 to AC).
   It protects you from fire.
   It protects you from poison.
   It protects you from negative energy.
 M - the +3 rapier of the Boiling Point (weapon) {pierce, -Tele rF+ Str+7}
   (You found it on level 9 of the Dungeon)

   It will always inflict at least some extra damage.
   This minimum extra damage increases with your current reserve of magical
   power.
   It affects your strength (+7).
   It protects you from fire.
   It prevents most forms of teleportation.
Missiles
 b - 4214 stones (quivered)
 R - a throwing net {=f}
Armour
 c - a +0 helmet
 m - the +1 cloak of Tender Moments (worn) {Regen+}
   (You bought it in a shop on level 4 of the Dungeon)

   It increases your rate of regeneration.
 r - a +1 pair of gloves (worn)
 u - the +1 pair of boots "Cemuocup" (worn) {rElec rF+ rC+ Str+4}
   (You found it on level 5 of the Dungeon)

   It affects your strength (+4).
   It protects you from fire.
   It protects you from cold.
   It insulates you from electricity.
Jewellery
 o - an amulet of regeneration (around neck)
 G - a ring of positive energy (left hand)
 J - an uncursed amulet of guardian spirit
 O - the ring "Rexob" (right hand) {+Fly rF+}
   (You found it on level 1 of the Lair of Beasts)

   [ring of flight]

   It protects you from fire.
   It lets you fly.
Wands
 p - a wand of digging (11)
 q - a wand of flame (43)
 w - a wand of polymorph (19)
 x - a wand of clouds (4)
 y - a wand of paralysis (4)
 C - a wand of enslavement (17)
 D - a wand of acid (5)
 E - a wand of iceblast (18)
Scrolls
 f - 6 scrolls of teleportation
 g - 10 scrolls of fog
 h - 4 scrolls of fear
 i - 6 scrolls of identify
 k - 4 scrolls of remove curse
 l - 6 scrolls of amnesia
 z - 3 scrolls of blinking
 F - 5 scrolls of enchant weapon
 I - 3 scrolls of immolation
 L - a scroll of noise
 P - 2 scrolls of magic mapping
 Q - a scroll of enchant armour
 T - a scroll of vulnerability {unknown}
Potions
 a - 7 potions of might
 d - a potion of ambrosia
 j - 2 potions of brilliance
 n - a potion of magic
 s - a potion of mutation
 t - 3 potions of heal wounds
 v - 2 potions of haste
 A - 2 potions of cancellation {unknown}
 H - a potion of flight {unknown}
 K - 2 potions of degeneration {unknown}
 N - 2 potions of lignification {unknown}
 S - a potion of curing {unknown}
 U - 2 potions of resistance {unknown}
Comestibles
 e - 17 rations {!d}


   Skills:
 + Level 9.0 Fighting
 + Level 10.0 Short Blades
 - Level 7.6 Throwing
 - Level 11.0 Dodging
 - Level 1.6 Stealth
 - Level 8.0 Spellcasting
 - Level 7.0 Conjurations
 - Level 5.6 Transmutations
 - Level 12.0 Fire Magic
 - Level 7.0 Earth Magic
 - Level 5.0 Evocations


You had 9 spell levels left.
You knew the following spells:

 Your Spells              Type           Power        Failure   Level  Hunger
a - Flame Tongue          Conj/Fire      #####        1%          1    None
c - Inner Flame           Hex/Fire       N/A          2%          3    None
d - Sticky Flame          Conj/Fire      #####...     1%          4    None
e - Fireball              Conj/Fire      #####.....   4%          5    None
f - Stone Arrow           Conj/Erth      #####.       1%          3    None
g - Petrify               Tmut/Erth      ####......   6%          4    None

Your spell library contained the following spells:

 Spells                   Type           Power        Failure   Level  Hunger
 Magic Dart               Conj           ####         1%          1    None
 Sandblast                Erth           #####.       1%          1    None
 Flaming Arrows           Chrm/Fire      ####....     1%          2    None
 Passwall                 Tmut/Erth      ####....     1%          2    None
 Searing Ray              Conj           #####...     1%          2    None
 Conjure Flame            Conj/Fire      #####...     1%          3    None
 Iskenderun's Mystic Bla  Conj           #####...     1%          3    None
 Lee's Rapid Deconstruct  Erth           #####.....   13%         5    None
 Irradiate                Conj/Tmut      ####......   19%         5    None
 Fulminant Prism          Conj/Hex       ###.......   21%         4    None
 False Image              Hex/Summ       #.......     26%         3    None
 Ozocubu's Armour         Chrm/Ice       #.......     26%         3    None
 Spectral Weapon          Hex/Chrm       #.......     26%         3    None
 Tukima's Dance           Hex            #.......     26%         3    None
 Bolt of Fire             Conj/Fire      #####.....   26%         6    None
 Steam Barrier            Chrm/Fire      ####......   73%         6    None
 Conjure Ball Lightning   Conj/Air       ###.......   97%         6    None
 Mana Rupture             Conj/Hex       ###.......   100%        7    None
 Lehudib's Crystal Spear  Conj/Erth      #####.....   100%        8    None


Dungeon Overview and Level Annotations

Branches:
Dungeon (12/12)            Temple (1/1) D:7            Lair (6/6) D:9
  Swamp (0/3) Lair:4        Snake (0/3) Lair:4        Slime (0/5) Lair:5
    Orc (0/1) D:9
 Vaults: D:11-12     Depths: D:12

Altars:
Ashenzari
Cheibriados
Dithmenos
Elyvilon
Fedhas
Gozag
Hepliaklqana
Kikubaaqudgha
Lugonu
Makhleb
Nemelex Xobeh
Okawaru
Qazlal
Ru
Sif Muna
Trog
Uskayaw
Vehumet
Wu Jian
Xom
Yredelemnul
Zin
The Shining One
Jiyva

Shops:
D:4 [   D:5 (   D:9 (

Annotations:
D:10 2 transporters, Morbidden's ghost, journeyman HOAc
D:11 2 runed translucent doors
Lair:4 3 runed translucent doors, yrara's ghost, journeyman DsFi
Lair:5 exclusion: ice statue


Innate Abilities, Weirdness & Mutations

Your spells do not cause hunger and MP costs are reduced by 1.
Your bright wings attract enemies. (Stealth-)
You cannot fit into any form of body armour.
Your shimmering scales are hard and can block incoming attacks. (AC +7, SH +7)
You are small and have problems with some larger weapons.
You can fly continuously.


Message History

You hit the water moccasin.
Ssssck.
The water moccasin is almost dead.
The water moccasin completely misses you.
You hit the water moccasin but do no damage.
Ssssck.
The water moccasin is almost dead.
The water moccasin completely misses you.
You hit the water moccasin.
You kill the water moccasin!
Sif Muna accepts your kill.
No target in view!
No target in view!
No target in view!
No target in view!
No target in view!
No target in view!
No target in view!
No target in view!
Unknown command.
Are you sure you want to abandon this character and quit the game? (Confirm with "yes".)

##♣♣♣# ##..#.# ##....♣##
##.....#
###♣.......♣###♣♣...P..##
........................#
P......................##
.......#.......P.....P.#
.#########.#.#...#######
..P### #####...## ...#.#
##.@P## ....## #P...##
....# #.....# ....#
##..P.# .#..## ##.#.##
...#.# #.#..P# ##..##
###).## #P.## #...# ##.#
#P.##


There were no monsters in sight!

Vanquished Creatures
  Urug (Lair:5)
  3 hydras
  A death yak (Lair:4)
  A centaur warrior (D:8)
  An anaconda (Lair:6)
  2 two-headed ogres
  4 skeletal warriors (D:12)
  An orc knight (D:8)
  Pikel (D:5)
  A deep elf mage (D:10)
  A cyclops (D:12)
  3 ugly things
  5 black mambas
  5 elephants (Lair:3)
  2 centaur zombies
  A torpor snail (Lair:4)
  2 gargoyles (D:11)
  5 cane toads
  4 centaur skeletons
  6 komodo dragons
  A rime drake (Lair:4)
  A troll (D:8)
  A hornet (D:8)
  5 polar bears (Lair:5)
  Prince Ribbit (D:5)
  22 blink frogs
  Grinder (D:4)
  3 bog bodies (Lair:4)
  A hippogriff (Lair:6)
  A spriggan (Lair:2)
  2 shadows
  A vampire (D:10)
  2 basilisks
  A human (shapeshifter) (D:11)
  A human (D:11)
  22 yaks
  2 hungry ghosts
  Menkaure (D:4)
  A swamp worm (Lair:4)
  10 crocodiles
  6 water moccasins
  13 ice beasts
  5 porcupines
  A soldier ant (D:11)
  5 phantoms
  A slave (D:5)
  3 sky beasts
  2 black bears
  An eye of draining (D:8)
  9 orc warriors
  A necrophage (D:7)
  3 ogres
  7 centaurs
  3 wolves
  3 big kobolds (Sewer)
  6 bullfrogs
  4 scorpions
  3 killer bees (D:9)
  3 wights (D:8)
  An electric eel (Lair:4)
  4 orc priests
  A howler monkey (D:9)
  2 crimson imps
  4 hounds
  5 orc wizards
  A jelly (D:6)
  An iguana (D:6)
  5 worker ants
  6 river rats
  12 adders
  A shadow imp (D:7)
  2 oozes (Sewer)
  3 adder skeletons
  An adder zombie (D:8)
  3 worms (Sewer)
  6 leopard geckos
  32 orcs
  5 giant cockroaches
  11 goblins
  7 hobgoblins
  15 jackals
  3 quokkas
  A ball python (Sewer)
  5 bats
  A frilled lizard (D:2)
  17 kobolds
  11 rats
  A bush (Lair:4)
  3 fungi
  7 plants
386 creatures vanquished.

Vanquished Creatures (others)
  2 fungi (Lair:5)
  4 plants
6 creatures vanquished.

Grand Total: 392 creatures vanquished

Notes
Turn   | Place    | Note
-------+----------+-------------------------------------------
     0 | D:1      | DogServant the Fairy Fire Elementalist began the quest for
                  | the Orb.
     0 | D:1      | Reached XP level 1. HP: 11/11 MP: 6/6
   115 | D:1      | Reached skill level 4 in Fire Magic
   123 | D:1      | Reached XP level 2. HP: 17/17 MP: 7/7
   363 | D:1      | Reached XP level 3. HP: 21/21 MP: 9/9
   920 | D:2      | Found a glowing silver altar of Zin.
  1005 | D:2      | Learned a level 3 spell: Conjure Flame
  1009 | D:2      | Learned a level 3 spell: Inner Flame
  1572 | D:3      | Reached XP level 4. HP: 23/27 MP: 10/10
  1632 | D:3      | Noticed an ogre
  1638 | D:3      | Killed an ogre
  1639 | D:3      | Reached skill level 5 in Fire Magic
  1639 | D:3      | Reached XP level 5. HP: 32/32 MP: 8/12
  1645 | D:3      | Learned a level 4 spell: Sticky Flame
  1917 | D:3      | Noticed a sky beast
  1974 | D:4      | Reached skill level 1 in Fighting
  1989 | D:4      | Noticed Grinder
  2051 | D:4      | Reached XP level 6. HP: 21/38 MP: 2/13
  2055 | D:4      | Paralysed by Grinder for 2 turns
  2059 | D:4      | Paralysed by Grinder for 3 turns
  2060 | D:4      | Killed Grinder
  2061 | D:4      | Reached skill level 6 in Fire Magic
  2249 | D:4      | Found Obumumih's Armour Emporium.
  2249 | D:4      | Noticed a water moccasin
  2257 | D:4      | Killed a water moccasin
  2258 | D:4      | Reached XP level 7. HP: 30/45 MP: 1/15
  2428 | D:4      | Found a burning altar of Makhleb.
  2505 | D:4      | Reached skill level 5 in Dodging
  2566 | D:4      | Noticed Menkaure
  2578 | D:4      | Killed Menkaure
  2579 | D:4      | Reached skill level 7 in Fire Magic
  2834 | D:3      | Reached skill level 5 in Spellcasting
  2834 | D:3      | Reached XP level 8. HP: 50/50 MP: 10/17
  3011 | D:3      | Found a faded altar of an unknown god.
  3064 | D:3      | Reached skill level 1 in Short Blades
  3191 | D:3      | Found a snail-covered altar of Cheibriados.
  3303 | D:5      | Entered Level 5 of the Dungeon
  3363 | D:5      | Found a glowing drain.
  3371 | Sewer    | Entered a sewer
  4091 | D:4      | Bought the +1 cloak of Tender Moments {Regen+} for 198 gold
                  | pieces
  4091 | D:4      | Bought a +0 pair of gloves for 54 gold pieces
  4145 | D:5      | Reached skill level 5 in Conjurations
  4221 | D:5      | Got a pair of jewelled boots
  4489 | D:5      | Noticed Prince Ribbit
  4608 | D:5      | Found Kaozoas's Antique Weapon Shop.
  4629 | D:5      | Noticed Pikel
  4648 | D:5      | Killed Pikel
  4649 | D:5      | Reached skill level 8 in Fire Magic
  4649 | D:5      | Reached XP level 9. HP: 58/58 MP: 11/18
  4762 | D:5      | Found a sparkling altar of Nemelex Xobeh.
  4831 | D:5      | Identified the +1 pair of boots "Cemuocup" {rElec rF+ rC+
                  | Str+4} (You found it on level 5 of the Dungeon)
  4964 | D:5      | Learned a level 5 spell: Fireball
  4968 | D:5      | Killed Prince Ribbit
  5695 | D:6      | Found an opulent altar of Gozag.
  6088 | D:6      | Got a jewelled dagger
  6115 | D:6      | Found a corrupted altar of Lugonu.
  6445 | D:7      | Noticed a +0 dagger
  6445 | D:7      | Noticed a +0 spear
  6446 | D:7      | Noticed a +0 short sword
  6446 | D:7      | Noticed a +0 dagger
  6446 | D:7      | Noticed a +0 falchion
  6446 | D:7      | Noticed a +0 spear
  6447 | D:7      | Noticed a +0 falchion
  6449 | D:7      | Noticed a +0 short sword
  6453 | D:7      | Found a hide-covered altar of Uskayaw.
  6529 | D:7      | Reached skill level 5 in Fighting
  6587 | D:7      | Reached XP level 10. HP: 66/66 MP: 19/19
  6623 | D:7      | Found a shadowy altar of Dithmenos.
  6665 | D:7      | Reached skill level 5 in Short Blades
  6749 | D:7      | Found a staircase to the Ecumenical Temple.
  6843 | D:7      | Reached skill level 10 in Dodging
  7477 | D:8      | Learned a level 3 spell: Stone Arrow
  7478 | D:8      | Found a blossoming altar of Fedhas.
  7478 | D:8      | Noticed a two-headed ogre
  7483 | D:8      | Noticed a white ugly thing
  7492 | D:8      | Killed a two-headed ogre
  7493 | D:8      | Reached skill level 1 in Earth Magic
  7530 | D:8      | Killed a white ugly thing
  7588 | D:8      | Noticed a centaur warrior
  7595 | D:8      | Killed a centaur warrior
  7596 | D:8      | Reached skill level 9 in Fire Magic
  7624 | D:8      | Reached XP level 11. HP: 33/72 MP: 8/20
  8206 | D:8      | Noticed an orc knight
  8229 | D:8      | Killed an orc knight
  8362 | D:9      | Found Cuxzom's Weapon Emporium.
  8363 | D:9      | Found a staircase to the Orcish Mines.
  8670 | D:9      | Found a shattered altar of Ashenzari.
  8906 | Temple   | Entered the Ecumenical Temple
  8968 | Temple   | Became a worshipper of Sif Muna the Loreminder
  9308 | D:9      | Found an ornate altar of the Wu Jian Council.
  9361 | D:9      | Got a shimmering rapier
  9484 | D:9      | Found a staircase to the Lair.
  9604 | D:10     | Entered Level 10 of the Dungeon
  9619 | D:10     | Reached skill level 5 in Earth Magic
  9626 | D:10     | Identified the cursed +3 dagger "Tuer" {protect, rPois rF+
                  | rN+} (You found it on level 6 of the Dungeon)
  9628 | D:10     | Identified the +3 rapier of the Boiling Point {pierce,
                  | -Tele rF+ Str+7} (You found it on level 9 of the Dungeon)
  9658 | D:10     | Noticed a deep elf mage
  9662 | D:10     | Reached skill level 10 in Fire Magic
  9675 | D:10     | Reached * piety under Sif Muna
  9681 | D:10     | Noticed a mana viper
  9681 | D:10     | Noticed a mana viper
  9693 | D:10     | Killed a deep elf mage
  9694 | D:10     | Identified Sif Muna's Catalogue of Harmful Talismans (Sif
                  | Muna gifted it to you on level 10 of the Dungeon)
  9694 | D:10     | Received a gift from Sif Muna
  9975 | D:10     | Found a transporter.
  9975 | D:10     | Noticed Morbidden's ghost (journeyman HOAc)
 10126 | D:10     | Found a transporter.
 10354 | D:10     | Noticed a green ugly thing
 10378 | D:10     | Killed a green ugly thing
 10651 | D:10     | Reached XP level 12. HP: 44/81 MP: 23/23
 11049 | D:11     | Found a runed translucent gate.
 11050 | D:11     | Found a runed translucent gate.
 11050 | D:11     | Noticed a catoblepas
 11217 | D:12     | Entered Level 12 of the Dungeon
 11223 | D:12     | Learned a level 4 spell: Petrify
 11335 | D:12     | Reached skill level 1 in Transmutations
 11574 | D:11     | Noticed a two-headed ogre
 11618 | D:10     | Killed a two-headed ogre
 11702 | Lair:1   | Entered Level 1 of the Lair of Beasts
 11926 | Lair:1   | Reached skill level 1 in Evocations
 12100 | Lair:1   | Got an ancient turquoise ring
 12434 | Lair:1   | Identified the ring "Rexob" {+Fly rF+} (You found it on
                  | level 1 of the Lair of Beasts)
 12527 | Lair:2   | Got a bloodstained rapier
 12631 | Lair:2   | Identified Sif Muna's Almanac of Damaging Bewitchment (Sif
                  | Muna gifted it to you on level 2 of the Lair of Beasts)
 12631 | Lair:2   | Received a gift from Sif Muna
 12739 | Lair:2   | Reached XP level 13. HP: 65/90 MP: 26/26
 13694 | Lair:3   | Reached ** piety under Sif Muna
 13694 | Lair:3   | Reached skill level 5 in Transmutations
 13696 | Lair:3   | Reached skill level 10 in Short Blades
 13696 | Lair:3   | Reached skill level 5 in Evocations
 14647 | Lair:3   | Identified the cursed +0 rapier "Bepsed" {antimagic, rN++}
                  | (You found it on level 2 of the Lair of Beasts)
 14808 | Lair:4   | Reached skill level 11 in Fire Magic
 14993 | Lair:4   | Noticed yrara's ghost (journeyman DsFi)
 14995 | Lair:4   | Found a runed translucent gate.
 15046 | Lair:4   | Found a runed translucent gate.
 15100 | Lair:4   | Found a staircase to the Snake Pit.
 15119 | Lair:4   | Found a runed translucent gate.
 15416 | Lair:4   | Reached skill level 1 in Throwing
 15522 | Lair:4   | Found a staircase to the Swamp.
 15681 | Lair:5   | Found a staircase to the Slime Pits.
 15682 | Lair:5   | Found a viscous altar of Jiyva.
 15719 | Lair:5   | Reached skill level 12 in Fire Magic
 15984 | Lair:5   | Reached skill level 5 in Throwing
 16020 | Lair:5   | Noticed Urug
 16055 | Lair:5   | Killed Urug
 16745 | Lair:6   | Entered Level 6 of the Lair of Beasts
 16761 | Lair:6   | Reached XP level 14. HP: 67/97 MP: 28/28
 17430 | Lair:6   | Quit the game

Skill      XL: |  1  2  3  4  5  6  7  8  9 10 11 12 13 14 |
---------------+-------------------------------------------+-----
Fire Magic     | 4 5 6 7 8 9 10 12 | 12.0
Spellcasting   | 3 4 5 6 7 8 |  8.0
Dodging        | 3 4 6 7 9 11 | 11.0
Conjurations   | 2 3 4 6 7 |  7.0
Fighting       | 1 2 3 5 6 7 8 9 |  9.0
Short Blades   | 3 4 7 8 9 10 | 10.0
Earth Magic    | 3 7 |  7.0
Transmutations | 4 5 |  5.6
Evocations     | 3 5 |  5.0
Throwing       | 6 7 |  7.6
Stealth        | |  1.6

Action                   |  1- 3 |  4- 6 |  7- 9 | 10-12 | 13-15 || total
-------------------------+-------+-------+-------+-------+-------++-------
Melee: Unarmed           |     1 |       |       |       |       ||     1
       Dagger            |       |       |    13 |   155 |       ||   168
       Short sword       |       |       |    74 |   305 |       ||   379
       Rapier            |       |       |       |   318 |   408 ||   726
 Cast: Flame Tongue      |    94 |    34 |   124 |   119 |    24 ||   395
       Conjure Flame     |     2 |     8 |    15 |    23 |       ||    48
       Inner Flame       |     2 |       |    12 |     9 |     1 ||    24
       Sticky Flame      |       |     8 |    24 |    32 |    28 ||    92
       Fireball          |       |       |    16 |    36 |    15 ||    67
       Petrify           |       |       |       |     1 |     7 ||     8
Evoke: Wand              |       |       |       |       |     6 ||     6
  Use: Scroll            |       |     4 |     6 |    13 |     2 ||    25
 Stab: Distracted        |       |       |       |     1 |       ||     1
       Petrified         |       |       |       |     3 |     1 ||     4
  Eat: Chunk             |     2 |     3 |    13 |    29 |    22 ||    69
       Ration            |       |       |     1 |     2 |       ||     3
Armor: Skin              |     6 |     3 |    17 |    70 |    53 ||   149
Dodge: Dodged            |    39 |    22 |    68 |   506 |   429 ||  1064
Block: Other             |    13 |     5 |    14 |   169 |   162 ||   363
